 Dungeon Crawl Stone Soup version 0.29.1-15-g9cfb28693d (webtiles) character file.

Game seed: 2441313400544522555

7590 Peloso the Carver (level 10, -1/90 HPs)
             Began as a Minotaur Fighter on Apr 17, 2023.
             Slain by an orc warrior
             ... wielding a +0 halberd
              (13 damage)
             ... on level 9 of the Dungeon.
             The game lasted 00:18:33 (10366 turns).

Peloso the Carver (Minotaur Fighter)               Turns: 10366, Time: 00:18:35

Health: -1/90      AC: 13    Str: 23    XL:     10   Next: 97%
Magic:  9/9        EV:  9    Int:  5    God:
Gold:   1275       SH:  0    Dex: 12    Spells: 9/9 levels left

rFire   . . .      SeeInvis .   a - +1 long sword (venom)
rCold   . . .      Faith    .   d - +1 buckler
rNeg    + . .      Spirit   .   E - +0 chain mail
rPois   .          Reflect  .   (helmet restricted)
rElec   .          Harm     .   (no cloak)
rCorr   .          Rampage  .   A - +0 pair of gloves
Will    +++..      Clarity  +   (no boots)
Stlth   ..........              M - amulet of the Four Winds {rN+ Will+++ Clar}
HPRegen 0.25/turn               o - ring of flight
MPRegen 0.11/turn               (no ring)

@: confused, ambrosia-drunk, flying
A: horns 2, retaliatory headbutt
a: no special abilities


You were on level 9 of the Dungeon.
You visited 2 branches of the dungeon, and saw 10 of its levels.
You also visited: Bailey.

You collected 1275 gold pieces.

Inventory:

Hand Weapons
 a - a +1 long sword of venom (weapon)
 b - a +3 spear of flaming
 c - a +0 long sword of electrocution
Missiles
 P - a throwing net (quivered)
Armour
 d - a +1 buckler (worn)
 x - a +2 scale mail of cold resistance
 A - a +0 pair of gloves (worn)
 E - a +0 chain mail (worn)
Jewellery
 k - an amulet of reflection
 l - an amulet of regeneration
 o - a ring of flight (left hand)
 r - a ring of ice
 H - a ring of protection from fire
 K - the ring of the Mage {Wiz Archmagi}
   (You found it on level 8 of the Dungeon)

   [ring of wizardry]

   It improves your spell success rate.
   Archmagi:  It increases the power of your magical spells.
 M - the amulet of the Four Winds (around neck) {rN+ Will+++ Clar}
   (You found it on level 8 of the Dungeon)

   [amulet of nothing]

   rN:        It protects you from negative energy.
   Clar:      It protects you against confusion.
   Will:      It greatly increases your willpower.
Wands
 n - a wand of polymorph (14)
 C - a wand of light (1)
 D - a wand of paralysis (21)
 I - a wand of flame (16)
Scrolls
 e - 2 scrolls of teleportation
 h - 6 scrolls of blinking
 s - a scroll of noise
 t - 3 scrolls of enchant armour
 u - 2 scrolls of immolation
 y - a scroll of acquirement
 F - 3 scrolls of identify
 G - a scroll of vulnerability {unknown}
 J - a scroll of poison {unknown}
 L - a scroll of silence {unknown}
 N - a scroll of amnesia
 O - a scroll of butterflies {unknown}
 Q - a scroll of magic mapping {unknown}
Potions
 g - 2 potions of curing
 i - a potion of magic {unknown}
 j - 3 potions of mutation
 m - 3 potions of invisibility {unknown}
 p - 2 potions of degeneration {unknown}
 q - a potion of heal wounds {unknown}
 v - 4 potions of might
 w - 2 potions of brilliance {unknown}
 z - 6 potions of flight
 R - a potion of haste
Miscellaneous
 B - a piece from Xom's chessboard (15/15)


   Skills:
 + Level 8.6 Fighting
 + Level 12.6 Long Blades
 + Level 10.8 Armour
 + Level 3.7 Dodging
 + Level 2.0 Stealth
 + Level 8.7 Shields
 + Level 0.5 Evocations


You had 9 spell levels left.
You didn't know any spells.
Your spell library contained the following spells:

 Spells                   Type           Power      Damage    Failure   Level
 Apportation              Tloc           0%         N/A       98%         1
 Magic Dart               Conj           0%         1d3       98%         1
 Blink                    Tloc           0%         N/A       99%         2
 Call Imp                 Summ           0%         N/A       99%         2
 Gell's Gravitas          Tloc           0%         N/A       100%        3
 Inner Flame              Hex/Fire       0%         N/A       100%        3
 Lesser Beckoning         Tloc           0%         N/A       100%        3
 Mephitic Cloud           Conj/Pois/Air  0%         N/A       100%        3
 Teleport Other           Tloc           0%         N/A       100%        3
 Cause Fear               Hex            0%         N/A       100%        4
 Corpse Rot               Necr/Pois/Air  0%         N/A       100%        4
 Dispel Undead            Necr           0%         3d6       100%        4
 Iskenderun's Mystic Bla  Conj/Tloc      0%         2d3       100%        4
 Manifold Assault         Tloc           0%         N/A       100%        5
 Death Channel            Necr           0%         N/A       100%        6
 Dispersal                Tloc           0%         N/A       100%        6
 Discord                  Hex            0%         N/A       100%        8
 Death's Door             Necr           0%         N/A       100%        9


Dungeon Overview and Level Annotations

Branches:
Dungeon (9/15)             Temple (1/1) D:6          Bailey (visited)
   Lair: D:8-11         Orc: D:9-12

Altars:
Ashenzari
Cheibriados
Dithmenos
Elyvilon
Fedhas
Gozag
Hepliaklqana
Kikubaaqudgha
Makhleb
Nemelex Xobeh
Okawaru
Qazlal
Ru
Sif Muna
Trog
Uskayaw
Vehumet
Wu Jian
Xom
Yredelemnul
Zin
The Shining One

Annotations:
D:7 exclusion: statue
D:8 4 runed translucent doors


Innate Abilities, Weirdness & Mutations

You have a pair of horns on your head.
You reflexively headbutt those who attack you in melee.


Message History

The orc priest hits you but does no damage.
You block the orc's attack.
The orc warrior hits you with a +0 halberd!
You closely miss the orc warrior. Your headbutt misses the orc warrior.
Something hits you but does no damage. The orc warrior barely misses you.
You furiously retaliate!
You headbutt the orc warrior, but do no damage.
The orc priest misses you. The orc barely misses you.
The orc warrior hits you with a +0 halberd.
Unknown command.
The orc warrior hits you with a +0 flail!
The orc warrior hits you with a +0 halberd.
The orc attacks as you move away! The orc hits you but does no damage.
The orc throws a boomerang.
The boomerang closely misses you.
The orc warrior hits you with a +0 halberd!
Something hits you but does no damage.
The orc warrior hits you with a +0 flail!
The orc priest miscasts a cantrip.
The orc warrior hits you with a +0 halberd.
The orc warrior hits you but does no damage.
The orc warrior hits you from afar with a +0 halberd!
* * * LOW HITPOINT WARNING * * *
A magic dart appears from out of thin air!
The magic dart hits you.
* * * LOW HITPOINT WARNING * * *
The orc priest mumbles some strange prayers to Beogh against you.
Beogh smites you!
* * * LOW HITPOINT WARNING * * *
You feel better.
You kill the orc warrior!
The orc warrior hits you from afar with a +0 halberd!
* * * LOW HITPOINT WARNING * * *
An orc wizard comes into view. It is wielding a +0 dagger.
You are confused.
You feel invigorated.
The orc wizard shouts!
You hear a shout!
Something hits you.
* * * LOW HITPOINT WARNING * * *
The orc warrior hits you from afar with a +0 halberd!
You die...

........# ....... ........#
....... ........# ###############
######### #.............. .^.#
#.........##### ...#
#.........##### #+##
##########.............. ..#
#.....o....############# ###
#...oo)@...# #..... #....o##...#
#..... #..))......# #.....
..o.....######### #####.....
.....o.## #......... ......#
#.........
.#...########################
##.##.......................
##########.###...........########


You could see an orc warrior, an orc priest, an orc wizard and 2 orcs.

Vanquished Creatures
  A centaur warrior (D:8)
  A two-headed ogre (D:9)
  Pikel (D:5)
  A troll (D:9)
  Prince Ribbit (D:7)
  5 yaks (D:9)
  2 wyverns (D:8)
  2 steam dragons
  A wraith (D:8)
  Menkaure (D:4)
  An acid dragon (D:8)
  3 water moccasins
  2 black bears
  9 orc warriors
  2 sky beasts
  4 centaurs
  2 phantoms
  3 kobold brigands
  A bullfrog (D:8)
  3 gnoll sergeants (D:9)
  4 scorpions
  A killer bee (D:8)
  A howler monkey (D:9)
  2 electric eels (D:7)
  2 quasits (D:8)
  2 jellies
  4 hounds
  2 orc priests
  4 iguanas
  7 orc wizards
  21 gnolls
  7 adders
  3 shadow imps (D:8)
  6 white imps
  5 ufetubi
  3 worms
  2 dart slugs
  19 orcs
  7 ball pythons
  3 endoplasms
  4 giant cockroaches
  8 goblins
  7 hobgoblins
  4 quokkas
  3 bats
  6 frilled lizards
  21 kobolds
  9 rats
213 creatures vanquished.

Vanquished Creatures (collateral kills)
  A steam dragon (D:8)
1 creature vanquished.

Vanquished Creatures (others)
  4 kobolds (D:7)
  6 demonic plants (D:8)
  2 plants (D:3)
12 creatures vanquished.

Grand Total: 226 creatures vanquished

Notes
Turn   | Place    | Note
-------+----------+-------------------------------------------
     0 | D:1      | Peloso the Minotaur Fighter began the quest for the Orb.
     0 | D:1      | Reached XP level 1. HP: 19/19 MP: 0/0
   156 | D:1      | You fall into a shaft and drop 1 floor!
   354 | D:2      | Reached XP level 2. HP: 27/27 MP: 1/1
   355 | D:2      | Found a glowing silver altar of Zin.
   484 | D:2      | Reached skill level 3 in Long Blades
   484 | D:2      | Reached XP level 3. HP: 29/33 MP: 2/2
  1588 | D:1      | Reached XP level 4. HP: 40/40 MP: 3/3
  1753 | D:1      | Found a faded altar of an unknown god.
  1756 | D:1      | Got Plato's Lessons on the Voyage
  2273 | D:3      | Reached skill level 4 in Long Blades
  2289 | D:3      | Reached XP level 5. HP: 37/47 MP: 4/4
  2365 | D:3      | Found the +7 staff of the Meek {protect, meekguard}
  3157 | D:4      | Reached skill level 5 in Armour
  3157 | D:4      | Reached XP level 6. HP: 50/53 MP: 5/5
  3160 | D:4      | Reached skill level 5 in Shields
  3309 | D:4      | Reached skill level 5 in Long Blades
  3385 | D:4      | Reached skill level 1 in Dodging
  3948 | D:4      | Noticed Menkaure
  3955 | D:4      | Killed Menkaure
  3956 | D:4      | Reached skill level 5 in Fighting
  3956 | D:4      | Reached XP level 7. HP: 14/61 MP: 6/6
  4329 | D:5      | Entered Level 5 of the Dungeon
  4348 | D:5      | Reached skill level 6 in Long Blades
  4800 | D:5      | Reached skill level 7 in Long Blades
  4901 | D:5      | Noticed Pikel
  4923 | D:5      | Killed Pikel
  4924 | D:5      | Reached skill level 1 in Stealth
  4924 | D:5      | Reached XP level 8. HP: 55/70 MP: 7/7
  5004 | D:5      | Reached skill level 8 in Long Blades
  5470 | D:6      | Identified a scroll of acquirement
  5623 | D:6      | Found a blossoming altar of Fedhas.
  5658 | D:6      | Found a staircase to the Ecumenical Temple.
  5942 | Temple   | Entered the Ecumenical Temple
  6254 | D:7      | Reached XP level 9. HP: 68/78 MP: 8/8
  6262 | D:7      | Reached skill level 9 in Long Blades
  6281 | D:7      | Noticed Prince Ribbit
  6291 | D:7      | Killed Prince Ribbit
  6319 | D:7      | Found a radiant altar of Vehumet.
  6540 | D:7      | Got the Grimoire of Fanaticism
  6744 | D:7      | Found an opulent altar of Gozag.
  6747 | D:7      | Found a sacrificial altar of Ru.
  7145 | D:8      | Found a hazy altar of Hepliaklqana.
  7237 | D:8      | Reached skill level 10 in Long Blades
  7241 | D:8      | Found a flagged portal.
  7328 | Bailey   | Entered a bailey
  7340 | Bailey   | Identified the +2 ring mail "Sesueh" {Rampage}
  7741 | D:8      | Found a large runed translucent door.
  7741 | D:8      | Found a large runed translucent door.
  7853 | D:8      | Reached XP level 10. HP: 86/86 MP: 9/9
  8166 | D:8      | Found a large runed translucent door.
  8166 | D:8      | Found a large runed translucent door.
  8177 | D:8      | Noticed a manticore
  8177 | D:8      | Noticed a cyan ugly thing
  8226 | D:8      | Reached skill level 11 in Long Blades
  8226 | D:8      | Found the ring of the Mage {Wiz Archmagi}
  8386 | D:8      | Noticed a centaur warrior
  8392 | D:8      | Killed a centaur warrior
  8393 | D:8      | Reached skill level 10 in Armour
  8403 | D:8      | Found the amulet of the Four Winds {rN+ Will+++ Clar}
  8794 | D:9      | Reached skill level 12 in Long Blades
  8935 | D:9      | Noticed a two-headed ogre
  8949 | D:9      | Killed a two-headed ogre
  9287 | D:9      | Found a sparkling altar of Nemelex Xobeh.
  9287 | D:9      | Found an ancient bone altar of Kikubaaqudgha.
  9287 | D:9      | Found a white marble altar of Elyvilon.
  9299 | D:9      | Found a snail-covered altar of Cheibriados.
 10196 | D:9      | Found an iron altar of Okawaru.
 10366 | D:9      | Slain by an orc warrior

Illustrated notes

Levels and vault maps discovered:
D:1:      dpeg_arrival_water_fire, layout_basic,
          shapermc_ecumenical_altar_rom_forum
D:2:      minmay_general_purpose_star, layout_loops_corners, basic_altar,
          kennysheep_generic_room_7
D:3:      layout_basic, serial_bayou_ford_a, pf_guarded_unrand_meek
D:4:      layout_cave_pods, serial_column_ruins, column_ruins_corridor_corner,
          column_ruins_open_tiny_water, column_ruins_corridor_corner,
          uniq_menkaure
D:5:      layout_basic, minmay_pentangle, uniq_pikel
D:6:      layout_cave_pools, mainiacjoe_overflow_cross_hatched,
          minmay_temple_entry_glass, grunt_ministairs_15
D:7:      layout_cave_pods, vehumet_statue, nicolae_overflow_squiral,
          uniq_prince_ribbit1
D:8:      layout_gridville, amcnicky_altar_gilded, serial_demonic,
          serial_demonic_g, serial_demonic_c, serial_demonic_c,
          serial_demonic_a, serial_demonic_d, serial_demonic_e,
          serial_demonic_g, serial_demonic_a, enter_bailey_8,
          minmay_hollow_rounded_squares
D:9:      layout_stronghold, marbit_many_paths, gammafunk_temple_overflow_claw,
          mainiacjoe_overflow_tiny_flanked, david_orc_4,
          minmay_increasing_density
Temple:   hellmonk_temple_forest_ring

Skill      XL: |  1  2  3  4  5  6  7  8  9 10 |
---------------+-------------------------------+-----
Fighting       | 4 5 6 7 8 |  8.6
Armour         | 4 5 7 8 9 10 | 10.8
Shields        | 4 5 6 7 8 |  8.7
Long Blades    | 3 4 5 7 8 10 12 | 12.6
Dodging        | 1 2 3 |  3.7
Stealth        | 1 2 |  2.0
Evocations     | |  0.5

Action                   |  1- 3 |  4- 6 |  7- 9 | 10-12 || total
-------------------------+-------+-------+-------+-------++-------
Melee: Long sword        |    75 |   110 |   309 |   180 ||   674
       Headbutt          |     8 |     9 |    55 |    45 ||   117
Evoke: Wand              |       |       |     4 |       ||     4
  Use: Potion            |     2 |     1 |     1 |     2 ||     6
       Scroll            |       |     9 |     4 |       ||    13
 Stab: Paralysed         |       |       |     2 |       ||     2
Armor: Scale mail        |    31 |    18 |       |       ||    49
       Chain mail        |       |    17 |   139 |    73 ||   229
Dodge: Dodged            |    25 |    21 |   118 |    62 ||   226
Block: Buckler           |    24 |    57 |    98 |    51 ||   230
       Reflection        |       |     2 |       |       ||     2
